Dak suffer (Crazy game)

Match 29585357
End
Kradschützen Motorcycle Team
Selects Italian Combined Arms Battlegroup
Selects Bersaglieri Squad
Bersaglieri Squad
Bersaglieri Squad
Construct Light Support Kompanie
Bersaglieri Squad
Fire Support Elements
Flakvierling Half-track
Panzerjäger Mechanized Group
Panzerpioneer Squad
Selects Semovente da 75/18 Assault Gun
Construct Mechanized Kompanie
Bersaglieri Squad
2.5-tonne Medical Truck
Construct Panzerarmee Kommand
Selects Strafing Run
Pak 38 Mechanized Group
Armored Reserves
Selects Artillery Cover
MG34 Team
Strafing Run
Tiger Heavy Tank
Pak 38 Anti-tank Gun Team
Walking Stuka Rocket Launcher
Selects Bersaglieri Bolster
Tiger Heavy Tank
Strafing Run
Selects Breda Model 30 Light Machine Guns
MG34 Team
Vehicle Survival Package
Panzer III L Medium Tank
Reakly
Nicko
0
0

Comments sign in to comment!

No comments posted yet!